Map: Orbital Shipyard

Players

자유인 - Winner!

  • Race: Terran Terran
  • League: Platinum

Zarmoxis

  • Race: Terran Terran
  • League: Platinum

VOD

Have the link to the VOD?

Description

Time

  • Played on: Aug. 23, 2015, 7:22 a.m.
  • Length: 11:17
Show
View Real Time Build Order
Export as new Build Order

자유인 Terran - Winner!

Build Orders: 1/1/1, Liberator Opening, Mech 

Get SALT Encoding   

  12  0:00  SCV  
  13  0:13  SCV  
  14  0:22  Supply Depot  
  14  0:25  SCV  
  15  0:44  SCV  
  15  0:46  Barracks  
  15  0:48  Refinery  
  16  0:54  Refinery  
  16  0:56  SCV  
  17  1:05  Supply Depot  
  17  1:08  SCV  
  18  1:20  SCV  
  19  1:32  SCV  
  20  1:39  Factory  
  20  1:41  Marine  
  20  1:44  SCV  
  22  1:56  SCV  
  23  2:02  Marine  
  24  2:08  SCV  
  25  2:20  SCV  
  25  2:22  Supply Depot  
  26  2:23  Marine  
  26  2:24  Factory Tech Lab  
  26  2:28  Starport  
  27  2:33  SCV  
  27  2:42  Siege Tank  
  27  2:43  Marine  
  31  2:47  SCV  
  32  2:54  Armory  
  32  3:01  Marine  
  32  3:05  Liberator  
  33  3:25  SCV  
  33  3:26  Marine  
  38  3:42  Supply Depot  
  38  3:55  Supply Depot, Orbital Command  
  39  4:18  Siege Tank, Marine  
  39  4:21  SCV  
  42  4:30  Viking  
  44  4:36  Command Center  
  44  4:44  SCV  
  45  4:50  Siege Tank  
  48  5:03  Viking  
  48  5:05  SCV  
  51  5:25  Siege Tank  
  54  5:43  Supply Depot  
  54  5:46  Supply Depot  
  54  5:47  Viking  
  56  5:57  Factory  
  56  5:59  SCV  
  57  6:04  Factory  
  57  6:09  Supply Depot x2  
  57  6:11  SCV  
  58  6:26  SCV  
  58  6:28  SCV  
  60  6:34  Command Center  
  60  6:36  Starport Reactor  
  60  6:38  SCV, Terran Ship Weapons Level 1  
  61  6:41  SCV  
  62  7:02  Siege Tank  
  62  7:04  Hellion x2  
  69  7:09  SCV, Refinery  
  69  7:10  SCV  
  69  7:12  Refinery  
  71  7:21  SCV  
  63  7:32  Viking x2  
  63  7:34  SCV  
  63  7:35  SCV  
  69  7:47  SCV x2  
  69  7:49  Factory Tech Lab  
  69  7:50  Factory Tech Lab  
  71  7:55  Armory  
  71  8:04  Viking x2  
  76  8:12  SCV  
  76  8:15  SCV  
  77  8:23  SCV  
  77  8:25  SCV  
  79  8:27  SCV  
  80  8:35  SCV  
  80  8:37  Viking x2  
  85  8:45  Siege Tank x2  
  85  8:48  SCV  
  92  8:50  SCV  
  93  9:06  Siege Tank  
  93  9:07  Viking x2  
  100  9:14  Orbital Command  
  100  9:20  Siege Tank  
  103  9:25  SCV  
  103  9:29  Refinery x2  
  104  9:36  Siege Tank  
  104  9:37  SCV  
  105  10:09  Siege Tank x2  
  105  10:10  Siege Tank  
  114  10:20  Viking  
  114  10:21  Viking  
  108  10:42  Hellion x3  
Show
View Real Time Build Order
Export as new Build Order

Zarmoxis Terran 

Build Orders:  

Get SALT Encoding   

  12  0:00  SCV  
  13  0:13  SCV  
  14  0:18  Supply Depot  
  14  0:25  SCV  
  15  0:39  SCV  
  15  0:40  Barracks  
  16  0:45  Refinery  
  16  0:51  SCV  
  17  1:03  SCV, Refinery  
  18  1:09  Barracks  
  18  1:15  SCV  
  19  1:21  Supply Depot  
  19  1:31  Reaper  
  20  1:36  SCV  
  21  1:48  SCV  
  22  1:58  Reaper  
  22  2:01  SCV  
  24  2:03  Reaper  
  25  2:13  SCV  
  26  2:30  Reaper  
  26  2:35  Reaper  
  28  2:41  Command Center  
  28  2:44  Supply Depot  
  28  2:45  SCV  
  29  2:52  Supply Depot  
  28  3:13  Reaper x2  
  28  3:17  SCV  
  31  3:22  Barracks  
  31  3:27  Factory  
  31  3:39  SCV  
  32  3:56  Barracks Tech Lab  
  32  3:57  Barracks Reactor  
  31  4:12  Barracks Reactor  
  31  4:13  Factory Tech Lab  
  31  4:15  Starport  
  31  4:20  Command Center  
  31  4:24  Stimpack  
  32  4:31  SCV x2  
  33  4:42  Marine x2  
  35  4:46  Siege Tank  
  35  4:51  Marine  
  39  4:59  Viking  
  37  5:29  Viking, Marine x3  
  42  5:39  SCV x2  
  42  5:42  SCV  
  45  5:49  Marine x3  
  47  5:54  SCV  
  49  6:02  SCV x2  
  51  6:07  SCV  
  51  6:11  Marine x4  
  56  6:19  Siege Tank  
  56  6:22  Marine  
  60  6:27  SCV  
  60  6:28  SCV x2  
  60  6:31  Marine  
  64  6:36  Medivac  
  67  6:40  SCV  
  67  6:41  SCV  
  67  6:45  Engineering Bay  
  68  6:47  Marine  
  69  6:59  Marine x2  
  69  7:00  Marine  
  69  7:01  Siege Tank  
  75  7:02  SCV x2  
  75  7:25  SCV x2  
  75  7:28  Refinery  
  75  7:29  Refinery  
  77  7:39  Supply Depot  
  77  7:40  Supply Depot  
  77  7:42  Orbital Command  
  77  7:50  Orbital Command  
  77  7:55  Terran Infantry Weapons Level 1  
  77  8:00  Medivac, Siege Tank, Marine  
  77  8:03  Marine x2  
  77  8:04  Marine x2  
  87  8:08  Supply Depot  
  87  8:09  Supply Depot, SCV  
  88  8:15  Planetary Fortress  
  88  8:19  Liberator  
  88  8:21  SCV  
  88  8:23  Marine  
  88  8:24  Marine x3  
  88  8:27  Marine  
  91  8:35  Siege Tank  
  97  8:44  SCV x2  
  97  8:45  Marine  
  97  8:46  Marine x3  
  103  8:56  SCV  
  103  8:57  Supply Depot x2  
  103  8:59  Marine  
  105  9:05  Missile Turret, Liberator  
  105  9:10  Missile Turret  
  105  9:14  Marine x3  
  105  9:15  Marine  
  109  9:19  Marine  
  113  9:29  Siege Tank  
  116  9:32  SCV x2  
  118  9:42  Supply Depot  
  118  9:45  Supply Depot  
  113  10:05  Liberator  
  106  10:20  Marine x4  
  106  10:21  Siege Tank, Marauder  
  94  10:23  SCV  
  94  10:24  SCV x2  
Tags
 
Add a new tag
Caveats
  • Supply blocks, unpowered buildings, or Contaminate may cause inaccurate times.
  • Supply counts are checked every 10 seconds.